 Dungeon Crawl Stone Soup version 0.31-a0-263-ge8cad7f256 (webtiles) character file.

Game seed: 15708465585837580311

83 qw the Shooter (level 4, 0/26 HPs)
             Began as a Gargoyle Hexslinger on July 13, 2023.
             Slain by an orc
             ... wielding a +0 hand axe
              (3 damage)
             ... on level 3 of the Dungeon.
             The game lasted 00:00:50 (1823 turns).

qw the Shooter (Gargoyle Hexslinger)                Turns: 1823, Time: 00:00:51

Health: 0/26       AC:  8    Str: 18    XL:     4   Next: 44%
Magic:  5/5        EV: 11    Int: 13    God:
Gold:   92         SH:  0    Dex: 14    Spells: 4/5 levels left

rFire   . . .        Y - +2 sling
rCold   . . .        (no shield)
rNeg    + . .        d - +0 ring mail
rPois   inf          (no helmet)
rElec   +            (no cloak)
rCorr   .            (no gloves)
SInv    +            (no boots)
Will    .....        (no amulet)
Stlth   +            h - +6 ring of strength
HPRegen 0.24/turn    i - ring of see invisible
MPRegen 0.09/turn

%: no passive effects
@: about to teleport
A: sickness immunity, AC +3, negative energy resistance 1, electricity
resistance, torment resistance 1, petrification resistance
a: no special abilities


You were on level 3 of the Dungeon.
You visited 1 branch of the dungeon, and saw 3 of its levels.

You collected 92 gold pieces.


Innate Abilities, Weirdness & Mutations

You are immune to sickness and miasma.
Your stone body is resilient. (AC +3)
You are immune to poison.
You resist negative energy. (rN+)
You are resistant to electric shocks. (rElec)
You are resistant to unholy torment.
You are immune to petrification.


   Skills:
 - Level 2.0 Fighting
 - Level 4.2 Ranged Weapons
 + Level 0.1 Armour
 - Level 1.5 Dodging
 - Level 1.0 Spellcasting
 - Level 2.6 Hexes


You had 4 spell levels left.
You knew the following spells:

 Your Spells              Type           Power      Damage    Failure   Level
a - Slow                  Hex            28%        N/A       17%         1

Your spell library contained the following spells:

 Spells                   Type           Power      Damage    Failure   Level
 Inner Flame              Hex/Fire       4%         N/A       65%         3
 Portal Projectile        Hex/Tloc       8%         N/A       65%         3
 Cause Fear               Hex            3%         N/A       86%         4

Inventory:

Hand Weapons
 Y - a +2 sling (weapon)
Armour
 d - a +0 ring mail (worn)
Jewellery
 h - a +6 ring of strength (left hand)
 i - a ring of see invisible (right hand)
Scrolls
 a - a scroll of identify
Potions
 c - a potion of invisibility {unknown}
 g - a potion of curing
 j - a potion of haste

Dungeon Overview and Level Annotations

Branches:
Dungeon (3/15)

Altars:
Wu Jian

Shops:
D:1 =


Message History

The orc priest looks braver for a moment.
You shoot a sling bullet.
The sling bullet closely misses the orc priest.
The orc priest invokes the aid of Beogh against you.
Beogh smites you!
You shoot a sling bullet.
The sling bullet closely misses the orc priest.
The orc priest closely misses you. The orc hits you but does no damage.
You shoot a sling bullet. The sling bullet hits the orc priest.
The orc priest is heavily wounded.
The orc priest hits you but does no damage.
The orc hits you but does no damage. The orc priest hits you with a +0 club.
The orc priest miscasts a cantrip.
The orc hits you but does no damage.
You shoot a sling bullet. The sling bullet hits the orc priest.
The orc priest is heavily wounded.
The orc misses you.
You shoot a sling bullet.
The sling bullet hits the orc priest but does no damage.
The orc priest is heavily wounded.
The orc priest calls down the wrath of Beogh upon you.
Pain shoots through your body! The orc completely misses you.
The orc hits you with a +0 mace.
1821 ||| READING scroll of teleportation.
As you read the scroll of teleportation, it crumbles to dust.
You feel strangely unstable. The orc priest closely misses you.
The orc closely misses you. x2
You shoot a sling bullet.
The sling bullet hits the orc priest but does no damage.
The orc priest is heavily wounded.
The orc priest mumbles some strange prayers to Beogh against you.
Pain shoots through your body! The orc hits you but does no damage.
The orc closely misses you.
The orc priest looks braver for a moment.
The orc closely misses you. The orc hits you but does no damage.
You shoot a sling bullet. The sling bullet hits the orc priest.
The orc priest is almost dead.
The orc priest hits you but does no damage.
The orc hits you with a +0 hand axe.
You die...

## .# ### .#
#.###########
.#####...........#
..............>..###
..####..#######....#
..# #..#......o@### ..#
#..#.#.##.oo# ..# #..#
.....o. ..##
#..#.#.##.####
...###..#.#....
........#......
......#.#......
#.%##)..#....#+###+####
#.......#....>........o


You could see 2 orc priests and 2 orcs.

Vanquished Creatures
  An orc wizard (D:3)
  A worm (D:2)
  A dart slug (D:1)
  An orc (D:2)
  A ball python (D:2)
  4 endoplasms
  2 giant cockroaches
  8 hobgoblins
  3 jackals (D:1)
  3 quokkas
  6 bats
  2 frilled lizards
  9 kobolds
  5 rats
47 creatures vanquished.

Notes
Turn   | Place    | Note
-------+----------+-------------------------------------------
     0 | D:1      | qw the Gargoyle Hexslinger began the quest for the Orb.
     0 | D:1      | Reached XP level 1. HP: 12/12 MP: 2/2
     0 | D:1      | 0 ||| qw: Version: 0.3-a-52-g30416fa
     0 | D:1      | 0 ||| qw: Game counter: 7288
     0 | D:1      | 0 ||| qw: Melee chars always use a shield: true
     0 | D:1      | 0 ||| qw: God list: Okawaru
     0 | D:1      | 0 ||| qw: Allow faded altars: false
     0 | D:1      | 0 ||| qw: Do Orc after clearing Dungeon:15 true
     0 | D:1      | 0 ||| qw: Do second Lair branch before Depths: true
     0 | D:1      | 0 ||| qw: Lair rune preference: random
     0 | D:1      | 0 ||| qw: Goals: Normal
     0 | D:1      | 0 ||| PLANNING D:1-11
    18 | D:1      | 18 ||| FLEEEEING.
    19 | D:1      | 19 ||| FLEEEEING.
    20 | D:1      | 20 ||| FLEEEEING.
    61 | D:1      | Reached XP level 2. HP: 16/16 MP: 3/3
   150 | D:1      | Reached skill level 3 in Ranged Weapons
   219 | D:1      | Reached XP level 3. HP: 21/21 MP: 4/4
   220 | D:1      | Found Buirch's One-of-a-Kind Rings.
   227 | D:1      | 227 ||| SHOPLISTING +1 ring of evasion (22 gold, have 0).
   227 | D:1      | 227 ||| SHOPLISTING +1 ring of slaying (66 gold, have 0).
   227 | D:1      | 227 ||| SHOPLISTING +2 ring of dexterity (33 gold, have 0).
   227 | D:1      | 227 ||| SHOPLISTING +5 ring of strength (231 gold, have 0).
   227 | D:1      | 227 ||| SHOPLISTING ring "Kept" {EV+5 Dex+5} (588 gold,
                  | have 0).
   227 | D:1      | 227 ||| SHOPLISTING ring "Xatile" {Drain Fly rElec rPois
                  | Int+6} (557 gold, have 0).
   227 | D:1      | 227 ||| SHOPLISTING ring of Brilliance {rC+ Will- Str+2
                  | Int+9} (1012 gold, have 0).
   495 | D:1      | 495 ||| UPGRADING to +0 ring mail.
   505 | D:1      | 505 ||| DROPPING +0 robe.
   506 | D:1      | 506 ||| UPGRADING to +6 ring of strength.
   507 | D:1      | 507 ||| READING 4 scrolls labelled BAOPUVADOM.
   508 | D:1      | 508 ||| READING scroll labelled EVVAMEA IMAUBE.
   509 | D:1      | 509 ||| READING scroll labelled ICREAB ITELY.
   510 | D:1      | 510 ||| DROPPING scroll of poison.
   767 | D:2      | HP: 5/21 [worm (2)]
   940 | D:2      | Found an ornate altar of the Wu Jian Council.
  1489 | D:2      | 1489 ||| UPGRADING to ring of see invisible.
  1490 | D:2      | 1490 ||| READING 2 scrolls labelled DUOPOA TOTE.
  1494 | D:2      | 1494 ||| READING scroll labelled JAIKAXTUIFU.
  1495 | D:2      | 1495 ||| READING scroll labelled WOEG XUYPUNTOL.
  1496 | D:2      | 1496 ||| DRINKING 2 orange potions.
  1601 | D:2      | 1601 ||| READING 4 scrolls of identify.
  1601 | D:2      | 1601 ||| IDENTIFYING bubbling silvery potion
  1602 | D:2      | 1602 ||| READING 3 scrolls of identify.
  1602 | D:2      | 1602 ||| IDENTIFYING fuming cyan potion
  1603 | D:2      | 1603 ||| READING 2 scrolls of identify.
  1603 | D:2      | 1603 ||| IDENTIFYING clear potion
  1604 | D:2      | 1604 ||| DROPPING potion of magic.
  1605 | D:2      | 1605 ||| DROPPING potion of berserk rage.
  1649 | D:3      | 1649 ||| STAIRDANCE
  1722 | D:3      | 1722 ||| FLEEEEING.
  1723 | D:3      | 1723 ||| FLEEEEING.
  1724 | D:3      | 1724 ||| FLEEEEING.
  1725 | D:3      | 1725 ||| FLEEEEING.
  1726 | D:3      | 1726 ||| FLEEEEING.
  1727 | D:3      | 1727 ||| FLEEEEING.
  1737 | D:3      | Reached skill level 4 in Ranged Weapons
  1737 | D:3      | Reached XP level 4. HP: 26/26 MP: 5/5
  1820 | D:3      | HP: 6/26 [orc/+0 mace (2)]
  1821 | D:3      | 1821 ||| READING scroll of teleportation.
  1823 | D:3      | Slain by an orc

Levels and vault maps discovered:
D:1:      wander_arrival_fairy_ring, layout_rooms, nicolae_shop_unique_rings,
          nrook_mini_backslash
D:2:      layout_basic, basic_altar
D:3:      layout_basic

Skill      XL: |  1  2  3 |
---------------+----------+-----
Ranged Weapons | 3 4 |  4.2
Fighting       | 2 |  2.0
Armour         | |  0.1
Dodging        | |  1.5
Spellcasting   | |  1.0
Hexes          | |  2.6

Action                     |  1- 3 |  4- 6 || total
---------------------------+-------+-------++-------
   Fire: Sling             |   174 |    19 ||   193
    Use: Scroll            |     9 |     1 ||    10
         Potion            |     1 |       ||     1
 Armour: Robe              |    32 |       ||    32
         Ring mail         |    20 |     9 ||    29
  Dodge: Dodged            |    96 |     8 ||   104

Table legend:
 A = Non-vault XP
 B = Vault XP
 C = Vault XP percentage of total XP
 D = Non-vault monster count
 E = Vault monster count
 F = Vault count percentage of total count
                 A         B        C        D         E       F
            +---------+---------+-------+---------+---------+-------
      Total |     119 |       0 |   0.0 |      47 |       0 |   0.0
            +---------+---------+-------+---------+---------+-------
        D:1 |      49 |       0 |   0.0 |      27 |       0 |   0.0
        D:2 |      25 |       0 |   0.0 |      13 |       0 |   0.0
        D:3 |      45 |       0 |   0.0 |       7 |       0 |   0.0
            +---------+---------+-------+---------+---------+-------
